 Dungeon Crawl Stone Soup version 0.30-a0-743-gbfdf073431 (webtiles) character file.

Game seed: 17287006560686103193

2514023 hikkokomori the Ninja (level 27, 215/215 HPs)
             Began as a Kobold Brigand on Feb 4, 2023.
             Was the Champion of Zin.
             Escaped with the Orb
             ... and 5 runes on Feb 5, 2023!
             The game lasted 04:54:01 (104863 turns).

hikkokomori the Ninja (Kobold Brigand)            Turns: 104863, Time: 04:54:02

Health: 215/215    AC: 40    Str: 14    XL:     27
Magic:  36/36      EV: 36    Int: 17    God:    Zin [******]
Gold:   1916       SH: 16    Dex: 30    Spells: 11/44 levels left

rFire   + + .      SeeInvis +    t - +7 rapier "Igausch" {heavy, rElec rC+ Int+2}
rCold   + + +      Faith    .    Y - +1 buckler of the Nexus {rC- Will+ Int+5}
rNeg    + + +      Spirit   .    J - +14 pearl dragon scales of Lust {rPois rC+ rN+ Str+2 Int-4}
rPois   +          Reflect  +    S - +2 helmet {SInv}
rElec   +          Harm     .    j - scarf {repulsion}
rCorr   +          Rampage  .    s - +2 pair of gloves of Birgheisin {rCorr}
Will    +++..                    U - +0 pair of boots of Gollushru {rElec rN+}
Stlth   ++++                     W - amulet "Lemipyff" {Reflect rF+ rN+ Will- SH+5}
HPRegen 0.55/turn                m - ring "Inaet" {rC+ Str+3 Slay+4}
MPRegen 0.25/turn                b - ring of Fanaticism {rF+ Will+ Int-3 Dex+5}

@: studying Shields, repel missiles
A: small, no large weapons, nightstalker 3, cold resistance 1, robust 1,
evolution 2, MP-powered wands
0: Orb of Zot
}: 5/15 runes: decaying, slimy, silver, dark, gossamer
a: Renounce Religion, Recite, Vitalisation, Imprison, Sanctuary, Donate Gold


You escaped.
You worshipped Zin.
Zin was exalted by your worship.
You visited 14 branches of the dungeon, and saw 58 of its levels.
You visited Pandemonium 1 time, and saw 5 of its levels.
You visited the Abyss 1 time.
You also visited: Ice Cave and Wizlab.

You collected 10838 gold pieces.
You spent 4642 gold pieces at shops.
You donated 4280 gold pieces to Zin.

Inventory:

Hand Weapons
 o - the +9 rapier of Darkness {spect, Str+3}
   (You found it on level 2 of the Dungeon)

   Str:       It affects your strength (+3).
 t - the +7 rapier "Igausch" (weapon) {heavy, rElec rC+ Int+2}
   (Okawaru gifted it to you on level 2 of the Orcish Mines)

   Int:       It affects your intelligence (+2).
   rC:        It protects you from cold.
   rElec:     It insulates you from electricity.
Missiles
 d - 70 poisoned darts (quivered)
 e - 11 curare-tipped darts
 v - a throwing net
 E - 21 atropa-tipped darts
Armour
 j - a scarf of repulsion (worn)
 s - the +2 pair of gloves of Birgheisin (worn) {rCorr}
   (Okawaru gifted it to you on level 14 of the Dungeon)

   rCorr:     It protects you from acid and corrosion.
 y - the +1 cloak of Weightlessness {Drain rF+ rC+ Str+3}
   (You found it on level 4 of the Realm of Zot)

   Str:       It affects your strength (+3).
   rF:        It protects you from fire.
   rC:        It protects you from cold.
   Drain:     It drains your maximum health when unequipped.
 J - the +14 pearl dragon scales of Lust (worn) {rPois rC+ rN+ Str+2 Int-4}
   (You found it on level 5 of the Pits of Slime)

   Str:       It affects your strength (+2).
   Int:       It affects your intelligence (-4).
   rC:        It protects you from cold.
   rPois:     It protects you from poison.
   rN:        It protects you from negative energy.
 R - the +2 hat "Pereddy" {Str+4}
   (Okawaru gifted it to you on level 3 of the Elven Halls)

   Str:       It affects your strength (+4).
 S - a +2 helmet of see invisible (worn)
 U - the +0 pair of boots of Gollushru (worn) {rElec rN+}
   (You bought it in a shop on level 8 of the Dungeon)

   rElec:     It insulates you from electricity.
   rN:        It protects you from negative energy.
 Y - the +1 buckler of the Nexus (worn) {rC- Will+ Int+5}
   (Okawaru gifted it to you on level 3 of the Lair of Beasts)

   Int:       It affects your intelligence (+5).
   rC:        It makes you vulnerable to cold.
   Will:      It increases your willpower.
Jewellery
 a - the amulet of Ragapeang {Spirit rPois rC+++}
   (You acquired it on level 5 of the Realm of Zot)

   [amulet of guardian spirit]

   It causes incoming damage to be divided between your reserves of health and
   magic.
   rC:        It renders you almost immune to cold.
   rPois:     It protects you from poison.
 b - the ring of Fanaticism (right hand) {rF+ Will+ Int-3 Dex+5}
   (You acquired it on level 11 of the Dungeon)

   [ring of protection from fire]

   Int:       It affects your intelligence (-3).
   Dex:       It affects your dexterity (+5).
   rF:        It protects you from fire.
   Will:      It increases your willpower.
 m - the ring "Inaet" (left hand) {rC+ Str+3 Slay+4}
   (You acquired it on level 1 of the Elven Halls)

   [ring of slaying]

   Str:       It affects your strength (+3).
   Slay:      It affects your accuracy & damage with ranged weapons and melee
   (+4).
   rC:        It protects you from cold.
 w - the amulet "Keprydi" {Acrobat Harm Drain rF++ MP+9}
   (You found it on level 3 of the Crypt)

   [amulet of the acrobat]

   It increases your evasion while moving and waiting.
   rF:        It greatly protects you from fire.
   MP:        It affects your magic capacity (+9).
   Drain:     It drains your maximum health when unequipped.
   Harm:      It increases damage dealt and taken.
 x - the amulet of Sita {Acrobat Drain rElec rN+ Stlth+}
   (You found it on level 3 of the Crypt)

   [amulet of the acrobat]

   It increases your evasion while moving and waiting.
   rElec:     It insulates you from electricity.
   rN:        It protects you from negative energy.
   Drain:     It drains your maximum health when unequipped.
   Stlth:     It makes you more stealthy.
 z - the amulet of Puxen Raju {Spirit rF++ rC+}
   (You took it off a vampire knight on level 4 of the Realm of Zot)

   [amulet of guardian spirit]

   It causes incoming damage to be divided between your reserves of health and
   magic.
   rF:        It greatly protects you from fire.
   rC:        It protects you from cold.
 F - the amulet of Veerawn {Regen+ Str+3}
   (You found it on level 3 of the Crypt)

   [amulet of regeneration]

   Str:       It affects your strength (+3).
   Regen:     It increases your rate of health regeneration.
 W - the amulet "Lemipyff" (around neck) {Reflect rF+ rN+ Will- SH+5}
   (You found it on level 5 of the Pits of Slime)

   [amulet of reflection]

   It reflects blocked missile attacks.
   rF:        It protects you from fire.
   rN:        It protects you from negative energy.
   SH:        It affects your SH (+5).
   Will:      It decreases your willpower.
 Z - the ring of Free Expression {Wiz Will+ Dex+2 Stlth+}
   (You took it off a deep elf pyromancer on level 2 of the Elven Halls)

   [ring of wizardry]

   It improves your spell success rate.
   Dex:       It affects your dexterity (+2).
   Will:      It increases your willpower.
   Stlth:     It makes you more stealthy.
Wands
 A - a wand of mindburst (8)
 B - a wand of paralysis (59)
 K - a wand of flame (82)
 O - a wand of digging (26)
 T - a wand of iceblast (10)
Scrolls
 f - a scroll of magic mapping
 h - 4 scrolls of fog
 i - 4 scrolls of blinking
 k - 13 scrolls of vulnerability
 n - 8 scrolls of teleportation
 p - 4 scrolls of silence
 q - 12 scrolls of amnesia
 G - 8 scrolls of immolation
 V - 10 scrolls of fear
Potions
 g - 8 potions of curing
 l - 2 potions of invisibility
 r - 2 potions of might
 u - 2 potions of haste
 C - 2 potions of ambrosia
 D - a potion of cancellation
 H - a potion of berserk rage
 I - 9 potions of brilliance
 L - 4 potions of magic
 M - a potion of mutation
 N - a potion of resistance
 P - 2 potions of heal wounds
 Q - 7 potions of flight
Miscellaneous
 c - a phial of floods
 X - a condenser vane


   Skills:
 + Level 26.0 Fighting
 + Level 20.6(21.1) Short Blades
 - Level 5.1(10.3) Long Blades
 - Level 7.0 Throwing
 + Level 16.5 Armour
 O Level 27 Dodging
 O Level 27 Stealth
 - Level 14.1 Shields
 - Level 9.0 Spellcasting
 - Level 13.6 Conjurations
 - Level 6.3 Summonings
 - Level 9.4 Translocations
 - Level 11.4 Transmutations
 + Level 11.3 Air Magic
 - Level 8.9 Earth Magic
 - Level 6.0 Poison Magic
 - Level 14.5 Invocations
 - Level 11.1 Evocations


You had 11 spell levels left.
You knew the following spells:

 Your Spells              Type           Power      Damage    Failure   Level
a - Mephitic Cloud        Conj/Pois/Air  42%        N/A       1%          3
b - Iron Shot             Conj/Erth      23%        9d5       50%         6
c - Swiftness             Air            46%        N/A       1%          3
d - Apportation           Tloc           78%        N/A       1%          1
e - Passwall              Tmut/Erth      35%        N/A       1%          2
f - Passage of Golubria   Tloc           39%        N/A       8%          4
g - Blink                 Tloc           78%        N/A       1%          2
h - Vhi's Electric Charg  Tloc/Air       86%        N/A       1%          3
i - Animate Armour        Summ/Erth      66%        N/A       16%         4
j - Arcjolt               Conj/Air       25%        1d35      6%          5

Your spell library contained the following spells:

 Spells                   Type           Power      Damage    Failure   Level
 Magic Dart               Conj           100%       1d8       1%          1
 Sandblast                Erth           76%        2d16      1%          1
 Shock                    Conj/Air       100%       1d9       1%          1
 Lesser Beckoning         Tloc           78%        N/A       1%          2
 Momentum Strike          Conj/Tloc      92%        3d10      1%          2
 Poisonous Vapours        Pois/Air       74%        N/A       1%          2
 Searing Ray              Conj           100%       2d8       1%          2
 Static Discharge         Conj/Air       100%       2-7/arc   1%          2
 Wereblood                Tmut           46%        N/A       1%          2
 Stone Arrow              Conj/Erth      92%        3d12      1%          3
 Kiss of Death            Conj/Necr      100%       2d13      2%          1
 Gell's Gravitas          Tloc           39%        N/A       2%          3
 Teleport Other           Tloc           39%        N/A       2%          3
 Spider Form              Tmut/Pois      37%        N/A       3%          3
 Airstrike                Air            23%        2d(4-20)  3%          4
 Iskenderun's Mystic Bla  Conj/Tloc      46%        2d10      3%          4
 Iskenderun's Battlesphe  Conj           52%        2d10      3%          5
 Cigotuvi's Dreadful Rot  Necr/Pois/Air  54%        N/A       5%          2
 Petrify                  Tmut/Erth      42%        N/A       5%          4
 Kindle Blastsparks       Fire/Tloc/Air  62%        2d15      6%          3
 Irradiate                Conj/Tmut      25%        3d20      6%          5
 Lightning Bolt           Conj/Air       25%        1d41      6%          5
 Dazzling Flash           Conj/Hex       60%        N/A       7%          3
 Hailstorm                Conj/Ice       30%        3d8       7%          3
 Manifold Assault         Tloc           39%        N/A       8%          4
 Call Canine Familiar     Summ           29%        N/A       9%          3
 Ignite Poison            Fire/Tmut/Pois 27%        N/A       10%         3
 Summon Lightning Spire   Summ/Air       37%        N/A       10%         4
 Blade Hands              Tmut           23%        N/A       10%         5
 Portal Projectile        Hex/Tloc       46%        N/A       16%         3
 Flame Wave               Conj/Fire      30%        2d9       22%         4
 Fulminant Prism          Conj/Hex       15%        3d10      22%         4
 Lee's Rapid Deconstruct  Erth           19%        3d11*     26%         5
 Alistair's Intoxication  Tmut/Pois      24%        N/A       28%         5
 Summon Guardian Golem    Hex/Summ       18%        N/A       30%         3
 Freezing Cloud           Conj/Ice/Air   18%        6-21      32%         5
 Ice Form                 Ice/Tmut       27%        N/A       34%         4
 Summon Forest            Summ/Tloc      17%        N/A       38%         5
 Ensorcelled Hibernation  Hex/Ice        14%        N/A       50%         2
 Scorch                   Fire           14%        2d5       50%         2
 Sublimation of Blood     Necr           7%         N/A       50%         2
 Leda's Liquefaction      Hex/Erth       11%        N/A       52%         4
 Silence                  Hex/Air        13%        N/A       69%         5
 Confusing Touch          Hex            7%         N/A       73%         3
 Inner Flame              Hex/Fire       7%         N/A       73%         3
 Dispersal                Tloc           19%        N/A       75%         6
 Orb of Destruction       Conj           26%        9d9       75%         7
 Eringya's Noxious Bog    Tmut/Pois      18%        N/A       83%         6
 Summon Mana Viper        Hex/Summ       18%        N/A       95%         5
 Dragon Form              Tmut           23%        N/A       96%         7
 Anguish                  Hex/Necr       3%         N/A       98%         4
 Dispel Undead            Necr           7%         3d8       98%         4
 Summon Cactus Giant      Summ           14%        N/A       99%         6
 Spellforged Servitor     Conj/Summ      20%        N/A       99%         7
 Agony                    Necr           7%         N/A       100%        5
 Simulacrum               Ice/Necr       3%         N/A       100%        6
 Enfeeble                 Hex            3%         N/A       100%        7
 Malign Gateway           Summ/Tloc      17%        N/A       100%        7
 Summon Hydra             Summ           14%        N/A       100%        7
 Disjunction              Tloc           19%        N/A       100%        8
 Lehudib's Crystal Spear  Conj/Erth      23%        10d6      100%        8
 Necromutation            Tmut/Necr      13%        N/A       100%        8
 Summon Horrible Things   Summ           14%        N/A       100%        8


Dungeon Overview and Level Annotations

Branches:
Dungeon (15/15)            Temple (1/1) D:7            Lair (5/5) D:9
  Swamp (4/4) Lair:3       Spider (4/4) Lair:3        Slime (5/5) Lair:4
    Orc (2/2) D:9             Elf (3/3) Orc:2        Vaults (5/5) D:14
  Crypt (3/3) Vaults:3       Tomb (1/3) Crypt:3      Depths (4/4) D:15
   Hell (visited)             Dis (0/7) Hell            Geh (0/7) Hell
    Coc (0/7) Hell            Tar (0/7) Hell            Zot (5/5) Depths:4
  IceCv (visited)          WizLab (visited)

Altars:
Ashenzari
Cheibriados
Dithmenos
Elyvilon
Fedhas
Gozag
Hepliaklqana
Kikubaaqudgha
Makhleb
Nemelex Xobeh
Okawaru
Qazlal
Ru
Sif Muna
Trog
Uskayaw
Vehumet
Wu Jian
Xom
Yredelemnul
Zin
The Shining One
Jiyva

Shops:
D:4 (   D:8 [?   Orc:2 ([*:   Elf:2 =   Elf:3 ?   Vaults:1 ?   Vaults:2 (
Vaults:3 (   Depths:3 :

Portals:
Hell: Depths:1 Depths:2 Depths:3 Depths:4
Abyss: Depths:2 Depths:3 Depths:4
Pandemonium: Depths:2
Ziggurat: Depths:3

Annotations:
D:8 2 transporters
Swamp:4 Lernaean hydra
Vaults:5 Sojobo
Depths:1 1 transporter
Depths:2 1 runed translucent door


Innate Abilities, Weirdness & Mutations

You are small and have problems with some larger weapons.
You are completely attuned to the shadows.
Your flesh is cold resistant. (rC+)
You are robust. (+10% HP)
You have great hidden genetic potential.
You expend magic power (3 MP) to strengthen your wands.


Message History

The blast of flame hits the hell hound.
The hell hound completely resists.
The blast of flame is repelled.
You hit the hell hound.
The hell hound is moderately wounded.
The hell hound misses you.
You impale the hell hound!!
You kill the hell hound!
The hell hound breathes flames at you. The blast of flame misses you.
The hell hound bites you but does no damage.
You barely miss the hell hound. You block the hell hound's attack.
The hell hound completely misses you.
You miss the hell hound. You block the hell hound's attack.
The hell hound breathes flames at you. The blast of flame misses you.
You impale the hell hound!!
The hell hound is severely wounded.
You block the hell hound's attack. The hell hound barely misses you.
You closely miss the hell hound.
The hell hound is severely wounded.
You block the hell hound's attack. The hell hound completely misses you.
You barely miss the hell hound.
The hell hound is severely wounded.
The hell hound breathes flames at you.
The blast of flame hits you but does no damage.
You block the hell hound's attack.
You puncture the hell hound!
You kill the hell hound!
You block the hell hound's attack.
You impale the hell hound!!
You kill the hell hound!
No target in view!
No target in view!
No target in view!
No target in view!
No target in view!
You see here a hell hound corpse.
There is a staircase leading out of the dungeon here.
You can't go down here!
You have escaped!

########
♣.♣♣
#.##......
.......#
♣♣.♣
#..#.###..
.......#
♣.♣♣
##....##..
.......#
♣.♣♣
#........
.......#
♣♣.♣
#.#.#..##
.......#
♣.♣
#.#.#....
..##'#.#
♣♣.♣♣
#.#.#.##.
..##.#.#
♣...♣
#.#.#.#..
..##.#.#
♣.@.♣
#.#.#.#..
####.#.#
♣...♣
#.#.#.#..
####.#.#
♣♣.♣♣
###.#.#....
[....#.#
♣♣.♣♣
#...#......
.......#
♣.♣♣
#.#........
.......#
♣♣.♣
#..........
.......#
♣♣.♣♣
##.........
.......#
♣..♣
#(.####(..
.......#
##..#
#.....+...


There were no monsters in sight!

Vanquished Creatures
  the Royal Jelly (Arena)
  Ignacio (Pan)
  7 dread liches
  3 ancient liches
  Mennas (Vaults:5)
  11 orbs of fire
  The ghost of Voulohy the Wrestler, a veteran TrCK of Xom (Zot:4)
  A royal mummy (Tomb:1)
  Boris (twice) (Vaults:3 Depths:2)
  2 Killer Klowns (Zot:5)
  4 curse toes
  Jory (Depths:4)
  A profane servitor (Abyss:2)
  Geryon (Hell)
  the Enchantress (Depths:4)
  11 golden dragons
  5 electric golems
  Arachne (Arena)
  2 bone dragons (Depths:4)
  4 Brimstone Fiends (Pan)
  26 tentacled monstrosities
  A hellephant (D:15)
  3 pandemonium lords (Pan)
  4 Tzitzimimeh (Pan)
  Zenata (Vaults:4)
  Jorgrun (Spider:2)
  2 walking crystal tomes
  A shard shrike skeleton (Crypt:1)
  A walking earthen tome (Depths:2)
  6 Ice Fiends (Pan)
  6 liches
  27 Orb Guardians
  Asterion (Vaults:3)
  10 quicksilver dragons
  A walking frostbound tome (Depths:3)
  11 titans
  6 deep elf master archers
  13 acid blobs
  4 deep elf blademasters
  16 ancient champions
  7 searing wretches
  A walking divine tome (Depths:3)
  10 death cobs
  18 Executioners
  19 sphinxes
  2 tentacled starspawn
  22 storm dragons
  6 tengu reavers
  5 draconian monks
  A thorn hunter (Swamp:4)
  4 azure jellies
  17 fire giants
  4 rockslimes
  A draconian knight (Zot:2)
  22 frost giants
  18 shadow dragons
  A fenstrider witch (Swamp:3)
  5 revenants
  8 deep elf sorcerers (Elf:3)
  23 vault wardens
  4 iron dragons
  8 ghost moths
  Aizul (Spider:4)
  5 curse skulls
  4 balrugs
  6 cacodemons
  3 deep elf elementalists (Elf:3)
  7 draconian scorchers
  An angel (Pan)
  A juggernaut skeleton (Pan)
  A caustic shrike skeleton (Pan)
  3 ghouls
  An orc warlord (Vaults:3)
  6 draconian shifters
  3 spectral caustic shrikes (Depths:1)
  6 draconian stormcallers
  6 war gargoyles
  5 spriggan defenders (Depths:4)
  3 demonspawn corrupters (Pan)
  17 ironbound preservers
  5 reapers
  46 very ugly things
  6 quicksilver oozes (Slime:5)
  9 broodmothers
  7 draconian annihilators
  24 stone giants
  8 ironbound thunderhulks
  4 eleionomae (Swamp:2)
  9 vampire knights
  16 green draconians
  6 deep elf demonologists
  A demonspawn black sun (Pan)
  7 lorocyprocas
  14 dire elephants
  16 black draconians
  Nessos (Orc:2)
  3 halazid warlocks (WizLab)
  6 deep elf annihilators (Elf:3)
  15 white draconians
  16 red draconians
  21 yellow draconians
  13 purple draconians
  5 blizzard demons
  4 bunyips
  2 spectral quicksilver dragons
  2 green deaths (Pan)
  6 eidola
  A crystal guardian (Vaults:3)
  17 deep elf death magi
  2 shambling mangroves
  8 entropy weavers
  10 jiangshi
  The ghost of TheSexyCheese the Unseen, a journeyman FeBe of Trog (D:13)
  21 yaktaur captains
  2 mummy priests
  13 fire dragons
  35 vault guards
  10 deep elf high priests
  15 ettins
  Erolcha (D:13)
  7 rakshasas
  Fannar (D:12)
  A quicksilver dragon skeleton (Pan)
  7 great orbs of eyes
  18 hydras
  4 hell beasts
  11 ice dragons
  A jorogumo (Spider:2)
  2 peacekeepers
  An ogre mage (D:15)
  8 spriggan air magi
  13 ironbound frosthearts
  An Orb Guardian zombie (Crypt:3)
  A ghost crab (Swamp:1)
  3 spriggan skeletons (Pan)
  7 centaur warriors
  2 stokers (Hell)
  36 dancing weapons
  3 Killer Klown simulacra (Zot:4)
  10 alligators
  6 boulder beetles
  7 two-headed ogres
  5 deep troll shamans
  A naga warrior (Abyss:2)
  14 death scarabs
  3 hell hogs (Pan)
  3 death knights
  6 deep troll earth magi
  7 death yaks (IceCv)
  3 tengu warriors
  A titan zombie (WizLab)
  6 spriggan berserkers
  3 vampire magi
  15 hell knights
  3 orc high priests (Orc:2)
  23 deep elf knights
  18 sun demons
  26 soul eaters
  A spectral storm dragon (Zot:4)
  2 wretched stars (Abyss:1)
  7 shadow wraiths
  13 spriggans
  A spectral spark wasp (WizLab)
  An iron troll (Depths:3)
  A golden dragon zombie (D:15)
  8 sixfirhies
  A salamander mystic (Depths:4)
  2 sun moths
  A goliath frog (shapeshifter) (Depths:2)
  35 deep trolls
  7 pharaoh ants
  20 skeletal warriors
  Lodul (D:11)
  A storm dragon skeleton (Pan)
  13 orb spiders
  A spriggan druid (Swamp:4)
  A death drake (Arena)
  A deep troll (shapeshifter) (Vaults:5)
  15 swamp dragons
  4 flayed ghosts
  A quicksilver dragon simulacrum (Depths:3)
  2 spark wasp zombies (WizLab)
  8 glowing orange brains
  4 goliath frogs
  7 bog bodies
  A kraken simulacrum (Hell)
  22 deep elf archers
  A shadow dragon zombie (Crypt:2)
  3 obsidian statues
  An orange crystal statue (Zot:5)
  2 anaconda zombies (Hell)
  A bunyip skeleton (Pan)
  9 steelbarb worms
  4 harpies (Vaults:3)
  23 ironbound convokers
  2 lindwurms (shapeshifter)
  6 wizards
  11 orc knights
  A tengu zombie (D:15)
  17 phantasmal warriors
  A golden dragon skeleton (Crypt:2)
  A spectral wolf spider (WizLab)
  8 lindwurms
  29 deep elf pyromancers
  2 sphinx zombies
  7 orc sorcerers
  2 will-o-the-wisps
  40 large abominations
  17 necromancers
  4 manticores
  32 deep elf zephyrmancers
  4 salamanders
  30 ugly things
  34 moths of wrath
  24 wolf spiders
  3 cyclopes
  3 shining eyes
  A frost giant zombie (D:15)
  A guardian serpent (Abyss:2)
  2 shining eyes (shapeshifter)
  11 elephants
  11 rust devils
  A guardian serpent (shapeshifter) (D:15)
  An iron dragon skeleton (Pan)
  11 vault sentinels
  An ice statue (IceCv)
  Maurice (D:11)
  An eye of devastation (shapeshifter) (Vaults:5)
  20 demonic crawlers
  22 smoke demons
  8 torpor snails
  6 gargoyles
  4 black mambas
  A storm dragon simulacrum (Zot:4)
  A yaktaur zombie (Vaults:2)
  3 efreet
  2 torpor snails (shapeshifter)
  11 cane toads
  A grey draconian zombie (Crypt:3)
  2 orange demons
  2 alligator snapping turtle skeletons
  3 naga skeletons
  3 unseen horrors
  5 hellions (Pan)
  7 rime drakes
  3 kobold demonologists
  A steelbarb worm zombie (Crypt:3)
  9 komodo dragons
  An anaconda simulacrum (Hell)
  2 tormentors (Pan)
  10 freezing wraiths
  A grey draconian skeleton (Crypt:3)
  A green draconian skeleton (Crypt:1)
  39 yaktaurs
  A yaktaur skeleton (Vaults:2)
  A golden dragon simulacrum (Hell)
  A harpy zombie (Crypt:2)
  9 tengu conjurers
  A queen bee (shapeshifter) (Abyss:3)
  A sea snake skeleton (Hell)
  A catoblepas skeleton (Crypt:2)
  3 ancient zymes (Abyss:2)
  7 trolls
  2 iron troll skeletons
  13 guardian mummies
  A minotaur skeleton (Crypt:3)
  4 red devils
  5 hellwings
  A bloated husk (Swamp:3)
  16 polar bears
  2 hydra zombies (Hell)
  20 hornets
  9 tyrant leeches
  3 harpy skeletons
  2 hydra skeletons
  22 tarantellas
  A blink frog (shapeshifter) (Depths:4)
  19 blink frogs
  6 dream sheep (Lair:5)
  5 raiju
  48 slime creatures
  37 jumping spiders
  2 spriggan zombies
  A centaur simulacrum (D:15)
  2 water elementals
  A guardian serpent skeleton (Crypt:1)
  A black mamba zombie (Crypt:1)
  A stone giant simulacrum (Crypt:1)
  3 draconian simulacra
  An ettin skeleton (Pan)
  19 flying skulls
  11 wraiths
  7 wyverns
  A culicivora (shapeshifter) (Elf:3)
  6 ynoxinuls
  3 fire elementals
  A human (D:14)
  3 fire bats
  2 fire dragon skeletons
  An ushabti (Tomb:1)
  A human (shapeshifter) (Vaults:5)
  11 small abominations
  24 culicivoras
  50 yaks
  14 golden eyes
  A neqoxec (Pan)
  2 steam dragons (D:9)
  52 redbacks
  6 basilisks
  11 vampire mosquitoes
  19 chaos spawn
  A sea snake simulacrum (Hell)
  3 nagas (Abyss:2)
  3 glowing shapeshifter zombies
  8 wargs
  16 swamp worms
  A hydra simulacrum (Crypt:2)
  A floating eye (shapeshifter) (Vaults:5)
  4 floating eyes
  22 hell hounds
  8 water moccasins
  A merfolk skeleton (Crypt:1)
  5 ice beasts
  A sky beast (D:7)
  8 swamp drakes
  A sky beast (shapeshifter) (Abyss:3)
  19 orc warriors
  14 black bears
  13 ogres
  A black bear (shapeshifter) (Vaults:5)
  16 centaurs
  28 wolves
  An elephant skeleton (Crypt:1)
  A torpor snail zombie (Crypt:3)
  A hog skeleton (Crypt:2)
  2 elf zombies (Elf:1)
  4 kobold brigands
  15 bullfrogs
  2 gnoll sergeants
  9 scorpions
  3 necrophages
  2 earth elementals (Elf:1)
  A scorpion (shapeshifter) (Vaults:5)
  A wyvern skeleton (Crypt:3)
  16 wights
  A polar bear zombie (Crypt:3)
  A shapeshifter skeleton (Crypt:2)
  4 howler monkeys (D:10)
  9 electric eels
  A crimson imp (Abyss:2)
  A hound (D:6)
  A quasit (Abyss:1)
  An iron imp (Abyss:1)
  A gnoll bouda (D:8)
  14 orc priests
  3 centaur skeletons
  4 starcursed masses (Abyss:3)
  A bullfrog skeleton (Crypt:1)
  2 iguanas
  9 orc wizards
  12 hell rats (Hell)
  9 mummies
  14 gnolls
  7 adders
  2 shadow imps
  A swamp drake skeleton (Crypt:2)
  14 white imps
  2 ufetubi
  A lava snake zombie (Crypt:2)
  5 worms
  A dart slug (D:3)
  46 orcs
  6 ball pythons
  A bat skeleton (Crypt:2)
  3 endoplasms
  5 giant cockroaches
  4 goblins
  6 hobgoblins
  5 jackals (D:1)
  3 quokkas
  4 bats
  2 frilled lizards
  A frilled lizard zombie (Crypt:2)
  13 kobolds
  6 rats
  A rat zombie (Crypt:1)
  A creeping inferno (Hell)
  4 fire vortices (Hell)
2858 creatures vanquished.

Vanquished Creatures (collateral kills)
  A hellion (Pan)
  A large abomination (Abyss:3)
2 creatures vanquished.

Vanquished Creatures (others)
  A Killer Klown (Zot:5)
  A golden dragon (Zot:5)
  A searing wretch (Hell)
  2 draconian knights
  A dancing weapon (Elf:2)
  3 deep elf knights (Elf:2)
  2 sun demons (Pan)
  A shadow wraith (Hell)
  A wizard (Depths:2)
  A necromancer (Hell)
  A deep elf zephyrmancer (Elf:1)
  2 smoke demons (Pan)
  A rime drake (IceCv)
  An ancient zyme (Abyss:3)
  4 bloated husks
  A raiju (Abyss:3)
  A ynoxinul (Pan)
  A redback (Spider:4)
  A chaos spawn (Pan)
  A bush (Lair:4)
  4 foxfires (Swamp:4)
  9 fungi
  4 pillars of salt
  29 plants
  2 starspawn tentacles (Abyss:2)
  15 tentacles (Hell)
  3 withered plants (D:15)
94 creatures vanquished.

Grand Total: 2954 creatures vanquished

Notes
Turn   | Place    | Note
-------+----------+-------------------------------------------
     0 | D:1      | hikkokomori the Kobold Brigand began the quest for the Orb.
     0 | D:1      | Reached XP level 1. HP: 12/12 MP: 1/1
   237 | D:1      | Reached XP level 2. HP: 18/18 MP: 2/2
   513 | D:1      | Reached XP level 3. HP: 16/22 MP: 3/3
  1223 | D:2      | Reached XP level 4. HP: 28/28 MP: 4/4
  1330 | D:2      | Identified the +9 rapier of Darkness {spect, Str+3}
  1366 | D:2      | Found a broken altar of Ashenzari.
  1932 | D:3      | Found a faded altar of an unknown god.
  2272 | D:4      | Reached XP level 5. HP: 32/32 MP: 5/5
  2469 | D:4      | Reached XP level 6. HP: 38/38 MP: 6/6
  2622 | D:4      | Noticed a black bear
  2626 | D:4      | Killed a black bear
  2627 | D:4      | Reached skill level 5 in Short Blades
  2627 | D:4      | Reached XP level 7. HP: 42/43 MP: 7/7
  2685 | D:4      | Found Nusyalev's Weapon Emporium.
  2905 | D:5      | Entered Level 5 of the Dungeon
  3014 | D:5      | Learned a level 3 spell: Mephitic Cloud
  3093 | D:5      | Reached skill level 1 in Conjurations
  3132 | D:5      | Reached skill level 5 in Fighting
  3132 | D:5      | Reached XP level 8. HP: 49/49 MP: 8/8
  3324 | D:5      | Reached skill level 5 in Dodging
  3324 | D:5      | Found a glowing golden altar of the Shining One.
  3877 | D:6      | Reached XP level 9. HP: 55/55 MP: 9/9
  4735 | D:7      | Found a staircase to the Ecumenical Temple.
  4914 | Temple   | Entered the Ecumenical Temple
  5188 | Temple   | Became a worshipper of Warmaster Okawaru
  5470 | D:8      | Reached skill level 10 in Stealth
  5508 | D:8      | Found an opulent altar of Gozag.
  5566 | D:8      | Found Olloux's Magic Scroll Boutique.
  5573 | D:8      | Bought a scroll of blinking for 90 gold pieces
  5681 | D:8      | Found a transporter.
  5682 | D:8      | You are sucked into a shaft and drop 2 floors!
  5682 | D:10     | Entered Level 10 of the Dungeon
  5733 | D:10     | Reached XP level 10. HP: 61/61 MP: 10/10
  6010 | D:10     | Noticed a kobold demonologist
  6015 | D:10     | Noticed a kobold demonologist
  6020 | D:10     | Killed a kobold demonologist
  6020 | D:10     | Reached * piety under Okawaru
  6030 | D:10     | Killed a kobold demonologist
  6031 | D:10     | Reached skill level 5 in Conjurations
  6166 | D:10     | Reached ** piety under Okawaru
  6678 | D:10     | Reached *** piety under Okawaru
  6924 | D:9      | Noticed a two-headed ogre
  6930 | D:9      | Killed a two-headed ogre
  6930 | D:9      | Reached **** piety under Okawaru
  6930 | D:9      | Received a gift from Okawaru
  6931 | D:9      | Reached skill level 10 in Short Blades
  6931 | D:9      | Reached XP level 11. HP: 26/69 MP: 11/11
  7172 | D:9      | Noticed a two-headed ogre
  7176 | D:9      | Killed a two-headed ogre
  7199 | D:9      | Found a staircase to the Lair.
  7272 | D:9      | Found a stormy altar of Qazlal.
  7334 | D:9      | Found a staircase to the Orcish Mines.
  7483 | D:9      | Noticed a two-headed ogre
  7487 | D:9      | Killed a two-headed ogre
  7487 | D:9      | Reached ***** piety under Okawaru
  7487 | D:9      | Received a gift from Okawaru
  7487 | D:9      | Identified the +0 chain mail "Siguax" {rF++} (Okawaru
                  | gifted it to you on level 9 of the Dungeon)
  7487 | D:9      | Received a gift from Okawaru
  7896 | D:8      | Found a transporter.
  7898 | D:8      | Noticed a centaur warrior
  7898 | D:8      | Noticed a centaur warrior
  7905 | D:8      | Found the +8 mithril axe "Arga" {speed, Will+}
  7905 | D:8      | Noticed a cyclops
  7909 | D:8      | Noticed a manticore
  7958 | D:8      | Found a shimmering blue altar of Sif Muna.
  8131 | D:8      | Found Icsy's Antique Armour Shoppe.
  8137 | D:8      | Bought a pair of fading boots for 266 gold pieces
  8137 | D:8      | Identified the +0 pair of boots of Gollushru {rElec rN+}
                  | (You bought it in a shop on level 8 of the Dungeon)
  8137 | D:8      | Bought an agate-studded leather armour for 196 gold pieces
  8137 | D:8      | Identified the +1 leather armour of Veerch {*Corrode rC+
                  | Str+3} (You bought it in a shop on level 8 of the Dungeon)
  8489 | D:11     | Noticed a boulder beetle
  8498 | D:11     | Killed a boulder beetle
  8501 | D:11     | Identified 3 scrolls of acquirement
  8502 | D:11     | Acquired the ring of Fanaticism {rF+ Will+ Int-3 Dex+5}
  8662 | D:11     | Noticed Lodul
  8702 | D:11     | Acquired 505 gold pieces
  8750 | D:11     | Killed Lodul
  8751 | D:11     | Reached skill level 1 in Air Magic
  8751 | D:11     | Reached skill level 1 in Poison Magic
  8751 | D:11     | Reached skill level 1 in Invocations
  8753 | D:11     | Noticed Maurice
  8768 | D:11     | Killed Maurice
  9010 | D:11     | Reached skill level 10 in Dodging
  9015 | D:11     | Reached XP level 12. HP: 48/76 MP: 13/13
  9372 | D:11     | Noticed a centaur warrior
  9384 | D:11     | Killed a centaur warrior
  9441 | D:11     | Identified the +2 rapier of Ciegiobo {heavy, rElec rPois
                  | rF++ Int+2} (Okawaru gifted it to you on level 11 of the
                  | Dungeon)
  9441 | D:11     | Received a gift from Okawaru
 10070 | D:12     | Reached skill level 10 in Fighting
 10371 | D:12     | Received a gift from Okawaru
 10401 | D:12     | Found the +0 staff of Battle
 10406 | D:12     | Reached ****** piety under Okawaru
 10467 | D:12     | Noticed Fannar
 10481 | D:12     | Killed Fannar
 10522 | D:12     | Acquired 1113 gold pieces
 10529 | D:12     | Reached skill level 5 in Invocations
 10557 | D:12     | Identified the +2 kite shield of Feovusor {rN+} (Okawaru
                  | gifted it to you on level 12 of the Dungeon)
 10557 | D:12     | Received a gift from Okawaru
 10690 | D:12     | Reached XP level 13. HP: 83/83 MP: 16/16
 11196 | Lair:1   | Entered Level 1 of the Lair of Beasts
 11209 | Lair:1   | Reached skill level 5 in Air Magic
 11209 | Lair:1   | Reached skill level 5 in Poison Magic
 12163 | Lair:2   | Found a frozen archway.
 12198 | IceCv    | Entered an ice cave
 12749 | IceCv    | Received a gift from Okawaru
 12797 | IceCv    | Reached skill level 1 in Armour
 12825 | IceCv    | Noticed a frost giant
 12850 | IceCv    | HP: 1/84 [frost giant/+2 battleaxe of freezing (4)]
 12864 | IceCv    | HP: 1/84 [frost giant/+2 battleaxe of freezing (12)]
 12869 | IceCv    | Killed a frost giant
 13613 | Lair:2   | Reached XP level 14. HP: 91/91 MP: 19/19
 13629 | Lair:2   | Identified the +8 dagger of Sidghary {drain, Int+3 Dex+4}
 14362 | Lair:3   | Identified the +1 buckler of the Nexus {rC- Will+ Int+5}
                  | (Okawaru gifted it to you on level 3 of the Lair of Beasts)
 14362 | Lair:3   | Received a gift from Okawaru
 14371 | Lair:3   | Learned a level 6 spell: Iron Shot
 14814 | Lair:3   | Found a staircase to the Swamp.
 15161 | Lair:3   | Found a hole to the Spider Nest.
 16135 | Lair:4   | Found a staircase to the Slime Pits.
 16136 | Lair:4   | Found a viscous altar of Jiyva.
 16753 | Lair:4   | Received a gift from Okawaru
 17457 | Lair:5   | Entered Level 5 of the Lair of Beasts
 17712 | Lair:5   | Reached skill level 1 in Shields
 17748 | Lair:5   | Identified the +0 troll leather armour of Okawaru's Envy
                  | {Harm Regen+ rCorr} (Okawaru gifted it to you on level 5 of
                  | the Lair of Beasts)
 17748 | Lair:5   | Received a gift from Okawaru
 17758 | Lair:5   | Reached XP level 15. HP: 60/97 MP: 21/21
 18399 | Lair:5   | Found a runed translucent door.
 18556 | Lair:5   | Reached skill level 15 in Stealth
 19587 | Lair:5   | Received a gift from Okawaru
 19970 | Orc:1    | Entered Level 1 of the Orcish Mines
 20305 | Orc:2    | Entered Level 2 of the Orcish Mines
 20321 | Orc:2    | Identified the +7 rapier "Igausch" {heavy, rElec rC+ Int+2}
                  | (Okawaru gifted it to you on level 2 of the Orcish Mines)
 20321 | Orc:2    | Received a gift from Okawaru
 20334 | Orc:2    | Noticed Nessos
 20341 | Orc:2    | Killed Nessos
 20359 | Orc:2    | Reached skill level 1 in Earth Magic
 20416 | Orc:2    | Found a staircase to the Elven Halls.
 20541 | Orc:2    | Identified the +0 pair of gloves of Parts Unknown {rElec}
                  | (Okawaru gifted it to you on level 2 of the Orcish Mines)
 20541 | Orc:2    | Received a gift from Okawaru
 21255 | Orc:2    | Found Uxzig's Book Shop.
 21255 | Orc:2    | Found Uponwufo's General Store.
 21257 | Orc:2    | Found Kulaug's Antique Weapon Shoppe.
 21269 | Orc:2    | Found Rieckubi's Armour Shoppe.
 21450 | D:8      | Bought a scroll of enchant armour for 90 gold pieces
 21450 | D:8      | Bought a scroll of teleportation for 36 gold pieces
 21450 | D:8      | Bought a scroll of teleportation for 36 gold pieces
 21450 | D:8      | Bought a scroll of acquirement for 624 gold pieces
 21450 | D:8      | Acquired a book of Air
 21456 | D:8      | Learned a level 3 spell: Swiftness
 21459 | D:8      | Learned a level 2 spell: Wereblood
 21491 | D:8      | Bought a ripped robe for 159 gold pieces
 21491 | D:8      | Identified the +1 robe of Masyevai {rPois Will+} (You
                  | bought it in a shop on level 8 of the Dungeon)
 21491 | D:8      | Bought a distressingly furry robe for 159 gold pieces
 21491 | D:8      | Identified the +0 robe "Vagergh" {Will+ Int-2 Stlth+} (You
                  | bought it in a shop on level 8 of the Dungeon)
 21639 | D:13     | Reached XP level 16. HP: 84/104 MP: 23/23
 21850 | D:13     | Reached skill level 5 in Armour
 22185 | D:13     | Reached skill level 1 in Transmutations
 22472 | D:13     | Noticed Erolcha
 22475 | D:13     | Reached skill level 1 in Long Blades
 22489 | D:13     | Killed Erolcha
 23070 | D:14     | Found a runed translucent gate.
 23070 | D:14     | Found a runed translucent gate.
 23073 | D:14     | Found a runed translucent gate.
 23077 | D:14     | Noticed TheSexyCheese's ghost (journeyman FeBe)
 23081 | D:14     | Identified the +6 chain mail of Qazlal's Reproof {rF+}
 23387 | D:14     | Reached skill level 15 in Dodging
 23635 | D:14     | Identified the +2 pair of gloves of Birgheisin {rCorr}
                  | (Okawaru gifted it to you on level 14 of the Dungeon)
 23635 | D:14     | Received a gift from Okawaru
 23640 | D:14     | Reached skill level 5 in Shields
 23669 | D:14     | Found a gate to the Vaults.
 24170 | D:14     | Identified the +1 chain mail of the Depths {Fly rElec rN+
                  | Regen+ Stlth-}
 24170 | D:14     | Identified the ring of the Townfolk {rPois Str+6}
 24216 | D:13     | Killed TheSexyCheese's ghost
 24827 | D:15     | Entered Level 15 of the Dungeon
 25532 | D:15     | Found a staircase to the Depths.
 27260 | Spider:1 | Entered Level 1 of the Spider Nest
 27377 | Spider:1 | Identified the +0 hat "Myop" {*Slow rF+++ Str+4} (Okawaru
                  | gifted it to you on level 1 of the Spider Nest)
 27377 | Spider:1 | Received a gift from Okawaru
 27378 | Spider:1 | Reached XP level 17. HP: 96/109 MP: 24/24
 28937 | Spider:2 | Noticed Jorgrun
 28957 | Spider:2 | Killed Jorgrun
 29730 | Spider:2 | Noticed Arachne
 29739 | Spider:2 | HP: 3/109 [disintegration (38)]
 29743 | Arena    | Entered the Arena
 29757 | Arena    | Killed Arachne
 30208 | Spider:2 | Received a gift from Okawaru
 30518 | Spider:2 | Received a gift from Okawaru
 31080 | Spider:3 | Reached skill level 5 in Long Blades
 31572 | Spider:3 | Reached XP level 18. HP: 69/115 MP: 23/25
 31787 | Spider:3 | Reached skill level 1 in Evocations
 31789 | Spider:3 | Identified the +3 plate armour of Recklessness {+Inv}
                  | (Okawaru gifted it to you on level 3 of the Spider Nest)
 31789 | Spider:3 | Received a gift from Okawaru
 31955 | Spider:4 | Entered Level 4 of the Spider Nest
 32515 | Spider:4 | Identified the +0 scimitar of Ackas {drain, Dex+3}
 33354 | Spider:4 | Identified the +2 robe of Inviolability {rC+ rN+}
 33424 | Spider:4 | Noticed Aizul
 33427 | Spider:4 | Killed Aizul
 33455 | Spider:4 | Received a gift from Okawaru
 33636 | Spider:4 | Got a gossamer rune of Zot
 33646 | Spider:4 | Reached skill level 5 in Throwing
 33646 | Spider:4 | Reached skill level 5 in Evocations
 33646 | Spider:4 | Reached XP level 19. HP: 120/120 MP: 26/26
 33948 | Swamp:1  | Entered Level 1 of the Swamp
 35046 | Arena    | Entered the Arena
 35420 | Swamp:2  | Identified the +3 robe "Kobresiaxo" {Regen+ Dex+2} (Okawaru
                  | gifted it to you on level 2 of the Swamp)
 35420 | Swamp:2  | Received a gift from Okawaru
 35556 | Swamp:2  | Reached XP level 20. HP: 51/125 MP: 27/27
 36348 | Swamp:3  | Noticed a tentacled monstrosity
 36353 | Swamp:3  | Killed a tentacled monstrosity
 37118 | Swamp:4  | Entered Level 4 of the Swamp
 38315 | Swamp:4  | Noticed the 27-headed Lernaean hydra
 38367 | Swamp:4  | Reached skill level 5 in Transmutations
 38623 | Swamp:4  | Received a gift from Okawaru
 38624 | Swamp:4  | Reached skill level 5 in Spellcasting
 39098 | Swamp:4  | Got a decaying rune of Zot
 39473 | Elf:1    | Entered Level 1 of the Elven Halls
 39540 | Elf:1    | Acquired 681 gold pieces
 39542 | Elf:1    | Acquired the ring "Inaet" {rC+ Str+3 Slay+4}
 39589 | Elf:1    | Found a magical portal.
 39595 | WizLab   | Entered Borgnjor's Mausoleum
 40318 | WizLab   | Identified the +5 hand crossbow of Peril {drain, rPois
                  | rCorr Str+3 Int+4} (Okawaru gifted it to you in a wizard's
                  | laboratory)
 40318 | WizLab   | Received a gift from Okawaru
 40505 | WizLab   | Got the Thoughts on the Geometric Birds
 40618 | WizLab   | Reached XP level 21. HP: 18/131 MP: 28/30
 41759 | Elf:1    | Got Kikubaaqudgha's Verses on Bodies
 42082 | Elf:1    | Identified the +2 plate armour of Doomed Intercession
                  | {rElec rN+ Will+++ Int-4}
 43019 | Elf:2    | Found Hiulegg's Jewellery Shoppe.
 43089 | Elf:2    | Identified the ring of Free Expression {Wiz Will+ Dex+2
                  | Stlth+}
 43166 | Elf:2    | Received a gift from Okawaru
 43170 | Elf:2    | Reached skill level 10 in Armour
 43221 | Elf:2    | Found a runed translucent gate.
 43222 | Elf:2    | Found a runed translucent gate.
 43222 | Elf:2    | Found a runed translucent gate.
 43785 | Elf:2    | Received a gift from Okawaru
 44614 | Elf:3    | Entered Level 3 of the Elven Halls
 44977 | Elf:3    | Identified the +2 hat "Pereddy" {Str+4} (Okawaru gifted it
                  | to you on level 3 of the Elven Halls)
 44977 | Elf:3    | Received a gift from Okawaru
 45013 | Elf:3    | Found Disonkot's Magic Scroll Emporium.
 45018 | Elf:3    | Bought a scroll of blinking for 120 gold pieces
 45018 | Elf:3    | Bought a scroll of magic mapping for 120 gold pieces
 45268 | Elf:3    | Reached skill level 15 in Fighting
 45440 | Elf:3    | Reached XP level 22. HP: 125/139 MP: 34/34
 46139 | Elf:3    | Reached skill level 10 in Invocations
 46699 | Elf:3    | Identified the +1 scale mail of Kleptomania {Will++ Int+3
                  | Dex-4}
 46814 | Elf:3    | Identified the +0 acid dragon scales "Seazai" {Rampage
                  | rCorr Dex+4} (Okawaru gifted it to you on level 3 of the
                  | Elven Halls)
 46814 | Elf:3    | Received a gift from Okawaru
 46907 | Elf:3    | Found the amulet of the Air {Inacc Air Fly rElec RMsl}
 46911 | Elf:3    | Got the Grimoire of the Enchanted Singularity
 46919 | Elf:3    | Got the Secrets of the Union and Conjuration
 47337 | Vaults:1 | Entered Level 1 of the Vaults
 48830 | Vaults:1 | Found Fotusk's Magic Scroll Boutique.
 48833 | Vaults:1 | Bought a scroll of blinking for 150 gold pieces
 49580 | Vaults:2 | Received a gift from Okawaru
 49846 | Vaults:2 | Identified the +0 chain mail "Guomomui" {-Tele rF++ Dex+4}
 50074 | Vaults:2 | Reached XP level 23. HP: 147/147 MP: 35/35
 50720 | Vaults:2 | Received a gift from Okawaru
 51172 | Vaults:2 | Received a gift from Okawaru
 51527 | Vaults:3 | Found Saizuex's Antique Weapon Shop.
 51655 | Vaults:3 | Received a gift from Okawaru
 52379 | Vaults:3 | Found a staircase to the Crypt.
 52455 | Vaults:3 | Noticed Asterion
 52805 | Vaults:3 | Received a gift from Okawaru
 53242 | Vaults:3 | Received a gift from Okawaru
 54134 | Vaults:3 | Killed Asterion
 54512 | Vaults:4 | Noticed Boris
 54536 | Vaults:3 | Killed Boris
 54536 | Vaults:3 | Identified the +2 dagger of Evil {drain, rN+ Stlth+}
                  | (Okawaru gifted it to you on level 3 of the Vaults)
 54536 | Vaults:3 | Received a gift from Okawaru
 54540 | Vaults:3 | Reached XP level 24. HP: 97/156 MP: 35/35
 55295 | Vaults:4 | Noticed Zenata
 55337 | Vaults:4 | Killed Zenata
 55366 | Vaults:4 | Identified the +5 scale mail "Xaogohav" {rElec} (Okawaru
                  | gifted it to you on level 4 of the Vaults)
 55366 | Vaults:4 | Received a gift from Okawaru
 57038 | Slime:1  | Entered Level 1 of the Pits of Slime
 57096 | Slime:2  | Learned a level 2 spell: Passwall
 57102 | Slime:2  | Learned a level 5 spell: Irradiate
 57105 | Slime:2  | Learned a level 2 spell: Blink
 57158 | Slime:5  | Entered Level 5 of the Pits of Slime
 57188 | Slime:5  | Reached skill level 1 in Translocations
 57241 | Slime:5  | Noticed the Royal Jelly
 57458 | Arena    | Entered the Arena
 57461 | Arena    | Killed the Royal Jelly
 57479 | Arena    | Entered the Arena
 57517 | Slime:5  | Gained mutation: Your body sometimes deteriorates upon
                  | taking damage. [a shining eye]
 57530 | Slime:5  | Received a gift from Okawaru
 57534 | Arena    | Entered the Arena
 57559 | Slime:5  | Gained mutation: Your magical capacity is low. (-10% MP) [a
                  | shining eye]
 57676 | Slime:5  | Identified the +3 shortbow of Disorder {drain, rElec Will+
                  | rCorr Int+2}
 57898 | Slime:5  | Identified the +3 scale mail of Snakes and Ladders {rElec}
 57903 | Slime:5  | Identified the +14 pearl dragon scales of Lust {rPois rC+
                  | rN+ Str+2 Int-4}
 57917 | Slime:5  | Identified the ring of Sucuhera {Int+3 Dex+6}
 57938 | Slime:5  | Identified the ring of the Fifty Seas {Wiz rN+ Str+5 Dex-5}
 57961 | Slime:5  | Identified the amulet "Lemipyff" {Reflect rF+ rN+ Will-
                  | SH+5}
 57966 | Slime:5  | Got the Octavo of Smouldering Fulmination
 57989 | Slime:5  | Got a slimy rune of Zot
 58467 | Slime:5  | Gained mutation: You occasionally shout uncontrollably at
                  | your foes. [a shining eye]
 58470 | Slime:5  | Lost mutation: Your body sometimes deteriorates upon taking
                  | damage. [potion of mutation]
 58470 | Slime:5  | Lost mutation: Your magical capacity is low. (-10% MP)
                  | [potion of mutation]
 58470 | Slime:5  | Gained mutation: Armour fits poorly on your strangely
                  | shaped body. [potion of mutation]
 58470 | Slime:5  | Gained mutation: You are agile. (Dex +4, Str/Int -1)
                  | [potion of mutation]
 58470 | Slime:5  | Gained mutation: You have large cloven feet. [potion of
                  | mutation]
 58471 | Slime:5  | Lost mutation: You occasionally shout uncontrollably at
                  | your foes. [potion of mutation]
 58471 | Slime:5  | Lost mutation: You are agile. (Dex +4, Str/Int -1) [potion
                  | of mutation]
 58471 | Slime:5  | Lost mutation: Armour fits poorly on your strangely shaped
                  | body. [potion of mutation]
 58471 | Slime:5  | Gained mutation: You are agile. (Dex +4, Str/Int -1)
                  | [potion of mutation]
 58471 | Slime:5  | Gained mutation: You have hidden genetic defects. [potion
                  | of mutation]
 58471 | Slime:5  | Lost mutation: You have large cloven feet. [potion of
                  | mutation]
 59187 | Depths:1 | Entered Level 1 of the Depths
 59259 | Depths:1 | Found a gateway to Hell.
 59624 | Depths:1 | Received a gift from Okawaru
 59675 | Depths:1 | Reached XP level 25. HP: 147/164 MP: 35/35
 60094 | Depths:1 | Found a transporter.
 60101 | Depths:1 | Gained mutation: You occasionally lose the ability to drink
                  | potions when taking damage. [hidden defects]
 60122 | Depths:1 | Found a transporter.
 60127 | Depths:1 | Lost mutation: You occasionally lose the ability to drink
                  | potions when taking damage. [potion of mutation]
 60127 | Depths:1 | Lost mutation: You have hidden genetic defects. [potion of
                  | mutation]
 60127 | Depths:1 | Lost mutation: You are agile. (Dex +4, Str/Int -1) [potion
                  | of mutation]
 60127 | Depths:1 | Gained mutation: You do not regenerate when monsters are
                  | visible. [potion of mutation]
 60127 | Depths:1 | Gained mutation: You are frail. (-10% HP) [potion of
                  | mutation]
 60127 | Depths:1 | Gained mutation: You have hidden genetic potential. [potion
                  | of mutation]
 60232 | Depths:2 | Reached skill level 5 in Translocations
 60276 | Depths:2 | Received a gift from Okawaru
 60680 | Depths:2 | Reached skill level 10 in Conjurations
 60783 | Depths:2 | Found a one-way gate leading to the halls of Pandemonium.
 60863 | Depths:2 | Found a one-way gate to the infinite horrors of the Abyss.
 61212 | Depths:2 | Found a runed translucent door.
 61215 | Depths:2 | Found a runed translucent door.
 61263 | Depths:2 | Noticed Boris
 61288 | Depths:2 | Killed Boris
 61609 | Depths:2 | Received a gift from Okawaru
 61647 | Depths:2 | Received a gift from Okawaru
 61653 | Depths:2 | Found a runed translucent door.
 62321 | Depths:2 | Found a sacrificial altar of Ru.
 62460 | Depths:2 | Identified the amulet "Qesack" {Acrobat Str+2}
 62904 | Depths:2 | HP: 2/149 [ettin/+0 heavy great mace (11)]
 63301 | Depths:3 | Received a gift from Okawaru
 64030 | Depths:3 | Found Qaelidir's Book Emporium.
 64035 | Depths:3 | Bought a manual of Dodging for 1760 gold pieces
 64035 | Depths:3 | Bought a book of Lightning for 836 gold pieces
 64111 | Depths:3 | Reached skill level 10 in Shields
 64213 | Depths:3 | Reached XP level 26. HP: 127/154 MP: 33/35
 64478 | Depths:3 | Gained mutation: You have large cloven feet. [hidden
                  | potential]
 64484 | Depths:3 | Paralysed by a floating eye for 2 turns
 64710 | Depths:3 | Identified the ring "Zurgh" {rElec Will+}
 64852 | Depths:3 | Found a one-way gateway to a ziggurat.
 64865 | Depths:3 | Received a gift from Okawaru
 65045 | Depths:3 | Found a runed translucent door.
 65070 | Depths:3 | Found a glowing silver altar of Zin.
 65450 | Depths:3 | Received a gift from Okawaru
 65735 | Depths:3 | Identified the amulet of Hiapoen {RegenMP rElec Regen+
                  | Stlth-}
 66018 | Depths:4 | Entered Level 4 of the Depths
 66078 | Depths:4 | Received a gift from Okawaru
 66505 | Depths:4 | Identified the +4 scale mail of Lubboaph {*Slow rF++ rC+
                  | Int+2}
 66615 | Depths:4 | Noticed the Enchantress
 66698 | Depths:4 | Killed the Enchantress
 67127 | Depths:4 | Found a gate to the Realm of Zot.
 67522 | Depths:4 | Noticed Jory
 67536 | Depths:4 | Killed Jory
 67998 | Depths:4 | Learned a level 3 spell: Vhi's Electric Charge
 67999 | Hell     | Entered the Vestibule of Hell
 67999 | Hell     | Noticed Geryon
 68420 | Hell     | Killed Geryon
 68813 | Depths:4 | Reached skill level 10 in Transmutations
 68813 | Depths:4 | Reached XP level 27. HP: 45/161 MP: 35/35
 69651 | Hell     | Gained mutation: Your flesh is cold resistant. (rC+)
                  | [hidden potential]
 69651 | Hell     | Lost mutation: You have hidden genetic potential. [hidden
                  | potential expressed]
 70073 | Hell     | Identified the +0 pair of gloves "Xuyhuqid" {Contam rF+
                  | Str+2} (Okawaru gifted it to you in the Vestibule of Hell)
 70073 | Hell     | Received a gift from Okawaru
 70456 | Hell     | Found a gateway to the ashen valley of Gehenna.
 70598 | Hell     | Found a gateway to the decaying netherworld of Tartarus.
 71044 | Hell     | Found a gateway to the Iron City of Dis.
 71139 | Hell     | Found a gateway to the freezing wastes of Cocytus.
 71569 | Vaults:4 | Upgraded the game from 0.30-a0-738-g116ff8c4af to
                  | 0.30-a0-739-gea05faddec
 71576 | Vaults:5 | Entered Level 5 of the Vaults
 71926 | Vaults:5 | Identified the +9 war axe of Beneuro {heavy, *Slow Str+4}
 72003 | Vaults:5 | Identified the +7 sling "Ovarph" {freeze, rPois rC+ Will-
                  | Str+5}
 72392 | Vaults:5 | Identified the +8 plate armour "Usisuck" {SInv}
 72613 | Vaults:5 | Identified the ring "Eweygasm" {Str+6 Int+4}
 72614 | Vaults:5 | Found the +1 robe of Vines {NoPotionHeal Regen++++}
 72615 | Vaults:5 | Identified the +1 robe "Xuoqymu" {rF+ rCorr}
 72620 | Vaults:5 | Identified the amulet of Arutim {Spirit rF- rC+ rN+ SInv}
 72686 | Vaults:5 | Identified the +5 hand axe of the Philosopher {flame,
                  | Int+3}
 72703 | Vaults:5 | Noticed an ancient lich
 72716 | Vaults:5 | Killed an ancient lich
 73176 | Vaults:5 | Identified the ring of Ogeptor {rF- rN+ Int+3}
 73206 | Vaults:5 | Identified the +0 plate armour of Context {rCorr Int+6
                  | Dex-5}
 73225 | Vaults:5 | Noticed an ancient lich
 73239 | Vaults:5 | Killed an ancient lich
 73757 | Vaults:5 | Identified the +1 fire dragon scales "Porociun" {rF++ rC-
                  | SInv}
 74007 | Vaults:5 | Noticed Mennas
 74007 | Vaults:5 | Noticed Sojobo
 74423 | Vaults:5 | Killed Mennas
 74904 | Vaults:5 | Got a silver rune of Zot
 75255 | Zot:1    | Entered Level 1 of the Realm of Zot
 75490 | Depths:4 | Received a gift from Okawaru
 76544 | Zot:1    | Noticed an orb of fire
 76550 | Zot:1    | Gained mutation: Your body sometimes deteriorates upon
                  | taking damage. [an orb of fire]
 76566 | Zot:1    | Gained mutation: You are clumsy. (Dex -2) [an orb of fire]
 76567 | Zot:1    | Gained mutation: You have a beak for a mouth. [an orb of
                  | fire]
 76572 | Zot:1    | Gained mutation: You occasionally lose the ability to drink
                  | potions when taking damage. [an orb of fire]
 76575 | Zot:1    | Killed an orb of fire
 76589 | Zot:1    | Received a gift from Okawaru
 76959 | Depths:4 | Lost mutation: You are clumsy. (Dex -2) [potion of
                  | mutation]
 76959 | Depths:4 | Lost mutation: Your body sometimes deteriorates upon taking
                  | damage. [potion of mutation]
 76959 | Depths:4 | Lost mutation: You have large cloven feet. [potion of
                  | mutation]
 76959 | Depths:4 | Gained mutation: Your muscles are strong. (Str +4, Int/Dex
                  | -1) [potion of mutation]
 76960 | Depths:4 | Lost mutation: You do not regenerate when monsters are
                  | visible. [potion of mutation]
 76960 | Depths:4 | Lost mutation: Your flesh is cold resistant. (rC+) [potion
                  | of mutation]
 76960 | Depths:4 | Gained mutation: Your spells are a little easier to cast,
                  | but a little less powerful. [potion of mutation]
 76960 | Depths:4 | Gained mutation: You are clumsy. (Dex -2) [potion of
                  | mutation]
 76960 | Depths:4 | Gained mutation: You are vulnerable to cold. (rC-) [potion
                  | of mutation]
 76961 | Depths:4 | Lost mutation: You are vulnerable to cold. (rC-) [potion of
                  | mutation]
 76961 | Depths:4 | Lost mutation: You occasionally lose the ability to drink
                  | potions when taking damage. [potion of mutation]
 76961 | Depths:4 | Lost mutation: Your muscles are strong. (Str +4, Int/Dex
                  | -1) [potion of mutation]
 76961 | Depths:4 | Gained mutation: You expend magic power (3 MP) to
                  | strengthen your wands. [potion of mutation]
 77902 | Temple   | Lost mutation: Your spells are a little easier to cast, but
                  | a little less powerful. [potion of mutation]
 77902 | Temple   | Lost mutation: You expend magic power (3 MP) to strengthen
                  | your wands. [potion of mutation]
 77902 | Temple   | Lost mutation: You are frail. (-10% HP) [potion of
                  | mutation]
 77902 | Temple   | Gained mutation: Your flesh is cold resistant. (rC+)
                  | [potion of mutation]
 77902 | Temple   | Gained mutation: You are robust. (+10% HP) [potion of
                  | mutation]
 77903 | Temple   | Lost mutation: You have a beak for a mouth. [potion of
                  | mutation]
 77903 | Temple   | Lost mutation: You are clumsy. (Dex -2) [potion of
                  | mutation]
 77903 | Temple   | Gained mutation: You expend magic power (3 MP) to
                  | strengthen your wands. [potion of mutation]
 77903 | Temple   | Gained mutation: You have hidden genetic potential. [potion
                  | of mutation]
 77903 | Temple   | Gained mutation: You have great hidden genetic potential.
                  | [potion of mutation]
 77904 | Temple   | Fell from the grace of Okawaru
 77904 | Temple   | Became a worshipper of Zin the Law-Giver
 77904 | Temple   | Reached * piety under Zin
 77904 | Temple   | Reached ** piety under Zin
 77905 | Temple   | Donated 2350 gold pieces to Zin
 77910 | Temple   | Learned a level 1 spell: Apportation
 77915 | Temple   | Learned a level 4 spell: Passage of Golubria
 77920 | Temple   | Learned a level 4 spell: Animate Armour
 77928 | Temple   | Reached *** piety under Zin
 78069 | D:13     | Reached **** piety under Zin
 78263 | Crypt:1  | Entered Level 1 of the Crypt
 78266 | Crypt:1  | Reached ***** piety under Zin
 78313 | Crypt:1  | Noticed a dread lich
 78323 | Crypt:1  | Paralysed by a dread lich for 4 turns
 78344 | Crypt:1  | Killed a dread lich
 78345 | Crypt:1  | Reached skill level 1 in Summonings
 80029 | Crypt:1  | HP: 5/202 [something (9)]
 80389 | Crypt:2  | Reached ****** piety under Zin
 81495 | Crypt:3  | Entered Level 3 of the Crypt
 82589 | Crypt:3  | Reached skill level 5 in Earth Magic
 83283 | Crypt:3  | Found a staircase to the Tomb.
 83372 | Crypt:3  | Identified the +4 quarterstaff of the Modern Knives {vamp,
                  | *Corrode rElec Dex+3}
 83401 | Crypt:3  | Noticed a dread lich
 83401 | Crypt:3  | Noticed an ancient lich
 83446 | Crypt:3  | Killed a dread lich
 83454 | Crypt:3  | Killed an ancient lich
 83494 | Crypt:3  | Identified the amulet "Keprydi" {Acrobat Harm Drain rF++
                  | MP+9}
 83956 | Crypt:3  | Identified the amulet of Sita {Acrobat Drain rElec rN+
                  | Stlth+}
 83959 | Crypt:3  | Identified the ring "Jeemnem" {rC+ Int+4}
 83960 | Crypt:3  | Identified the ring of Xom's Sleight of Hands {rCorr Int+2
                  | Dex+6}
 83964 | Crypt:3  | Identified the amulet of Veerawn {Regen+ Str+3}
 83964 | Crypt:3  | Identified the ring of Rulufro {rN+ Int+2}
 83964 | Crypt:3  | Identified the ring "Puadiboh" {rN+ Str+2 Slay-6 Stlth+}
 84051 | Tomb:1   | Entered Level 1 of the Tomb of the Ancients
 84057 | Tomb:1   | Reached skill level 5 in Summonings
 84756 | Tomb:1   | Noticed a royal mummy
 84757 | Tomb:1   | Killed a royal mummy
 85225 | Depths:2 | Voluntarily entered the Abyss.
 85517 | Abyss:1  | Found a corrupted altar of Lugonu.
 85603 | Abyss:1  | Found a corrupted altar of Lugonu.
 85842 | Abyss:2  | Found a corrupted altar of Lugonu.
 86258 | Abyss:3  | Paralysed by a floating eye for 3 turns
 86293 | Abyss:3  | Paralysed by a floating eye for 4 turns
 86306 | Depths:2 | Escaped the Abyss
 86483 | Depths:2 | Was forgiven by Okawaru
 86680 | Depths:2 | Learned a level 5 spell: Arcjolt
 86698 | Pan      | Entered Pandemonium
 87216 | Pan      | Noticed Oweezutu the pandemonium lord
 87246 | Pan      | Killed Oweezutu the pandemonium lord
 87526 | Pan      | Found an exit through the horrors of the Abyss.
 87904 | Pan      | Entered the realm of Gloorx Vloq.
 87935 | Pan      | Noticed Gloorx Vloq
 88659 | Pan      | Noticed Ignacio
 88691 | Pan      | Killed Ignacio
 89606 | Pan      | Got a dark rune of Zot
 89742 | Pan      | Reached skill level 10 in Evocations
 89850 | Pan      | Noticed Jeesmux the pandemonium lord
 89909 | Pan      | Killed Jeesmux the pandemonium lord
 89940 | Pan      | HP: 6/207 [Brimstone Fiend/damnation (35)]
 89944 | Pan      | HP: 2/207 [Brimstone Fiend/damnation (26)]
 92061 | Pan      | Noticed Diul the pandemonium lord
 92131 | Pan      | Killed Diul the pandemonium lord
 92134 | Pan      | Reached skill level 15 in Short Blades
 93063 | Pan      | Noticed Deruoqu the pandemonium lord
 94253 | Depths:2 | Escaped Pandemonium
 94966 | Zot:2    | Noticed an orb of fire
 94993 | Zot:2    | Killed an orb of fire
 98521 | Zot:4    | Donated 1694 gold pieces to Zin
 98868 | Zot:4    | Noticed a dread lich
 98883 | Zot:4    | Paralysed by a floating eye for 3 turns
 98896 | Zot:4    | Killed a dread lich
 98896 | Zot:4    | Paralysed by a floating eye for 4 turns
 98905 | Zot:4    | Noticed a dread lich
 98909 | Zot:4    | Reached skill level 15 in Armour
 98922 | Zot:4    | Killed a dread lich
 99124 | Zot:4    | Identified the amulet of Puxen Raju {Spirit rF++ rC+}
 99212 | Zot:4    | Noticed a dread lich
 99224 | Zot:4    | Paralysed by a dread lich for 2 turns
 99243 | Zot:4    | Killed a dread lich
 99904 | Zot:4    | Found a transporter.
 99904 | Zot:4    | Noticed Voulohy's ghost (veteran TrCK)
 99910 | Zot:4    | Found a transporter.
 99949 | Zot:4    | Identified the +5 chain mail of the Nexus {Dex+3}
100009 | Zot:4    | Identified the +1 cloak of Weightlessness {Drain rF+ rC+
                  | Str+3}
100482 | Zot:4    | Killed Voulohy's ghost
100502 | Zot:4    | Identified the +1 plate armour of Souguf {rF+ Int+4 Dex-2}
100517 | Zot:4    | Upgraded the game from 0.30-a0-739-gea05faddec to
                  | 0.30-a0-743-gbfdf073431
100553 | Zot:5    | Entered Level 5 of the Realm of Zot
100806 | Zot:5    | Noticed an orb of fire
100808 | Zot:5    | Noticed an orb of fire
100812 | Zot:5    | Noticed an orb of fire
100819 | Zot:5    | Killed an orb of fire
100839 | Zot:5    | Killed an orb of fire
100863 | Zot:5    | Killed an orb of fire
101250 | Zot:5    | Noticed a Killer Klown
101261 | Zot:5    | Noticed a Killer Klown
101272 | Zot:5    | Killed a Killer Klown
101307 | Zot:5    | Killed a Killer Klown
101801 | Zot:5    | Acquired the amulet of Ragapeang {Spirit rPois rC+++}
102008 | Zot:5    | Reached skill level 27 in Stealth
102028 | Zot:5    | Reached skill level 27 in Dodging
102208 | Zot:5    | Noticed a Killer Klown
102211 | Zot:5    | Noticed an orb of fire
102215 | Zot:5    | Noticed a dread lich
102215 | Zot:5    | Noticed an orb of fire
102220 | Zot:5    | Noticed an orb of fire
102238 | Zot:5    | Killed an orb of fire
102251 | Zot:5    | Killed an orb of fire
102252 | Zot:5    | Reached skill level 10 in Air Magic
102279 | Zot:5    | Killed an orb of fire
102296 | Zot:5    | Killed a dread lich
102304 | Zot:5    | Killed a Killer Klown
102637 | Zot:5    | Noticed an orb of fire
102647 | Zot:5    | Killed an orb of fire
102755 | Zot:5    | Noticed an orb of fire
102800 | Zot:5    | Killed an orb of fire
103157 | Zot:5    | Noticed an orb of fire
103175 | Zot:5    | Killed an orb of fire
103370 | Zot:5    | Noticed a dread lich
103372 | Zot:5    | Killed a dread lich
104094 | Zot:5    | Got the Orb of Zot
104442 | Depths:1 | Noticed Dolaqig the pandemonium lord
104863 | D:$      | Escaped with the Orb!

Illustrated notes

Levels and vault maps discovered:
D:1:      roderic_dead_forest, layout_basic
D:2:      layout_rooms, basic_altar
D:3:      layout_loops_cross, basic_ecumenical_altar
D:4:      layout_cave_pools, serial_shops, nicolae_shop_bloodbath_and_beyond
D:5:      layout_cave_pools, tso_altar
D:6:      layout_loops_ring, minivault_27, supply_closet_lemuel
D:7:      layout_basic, minmay_temple_entry_nine_rooms
D:8:      gammafunk_sealed_arena, layout_cave_pools,
          mainiacjoe_overflow_chevrons, grunt_gozag_statues, serial_shops,
          nicolae_shop_statue_plus, shop, hangedman_decor_peaks_small
D:9:      layout_basic, nicolae_qazlal_style_of_elements, orc_0_dummy
D:10:     minmay_stone_box, layout_loops_corners, minmay_misc_feat_room,
          amcnicky_mini_rare_corridor_liquid, nicolae_water_bricks,
          hangedman_decor_lopped
D:11:     layout_basic, uniq_lodul, uniq_maurice
D:12:     layout_roguey, glass_columns_b, minivault_15, nrook_campfire,
          hellmonk_guarded_unrand_staff_of_battle, uniq_fannar
D:13:     layout_basic, uniq_erolcha
D:14:     layout_long_grid, grunt_vaults_entry_fortified,
          biasface_ghost_orc_armoury, grunt_decor_one_mirror
D:15:     gammafunk_depths_entry_grave, layout_grid_maze, minmay_strange_pillars
Temple:   mainiacjoe_temple_bowtie_tessellation
Lair:1:   layout_cave_pods, serial_bayou_shore_b
Lair:2:   layout_gridlike, portal_ice_cave_entry_imps,
          nicolae_lair_grove_arrangements, beast_lair_carwin_9,
          lemuel_fruit_fields, grunt_megastairs_5
Lair:3:   layout_hall_layers, minmay_swamp_entry_worms,
          nicolae_spider_entry_non_spiders, cheibrodos_lair_caveside_slide
Lair:4:   layout_loops_ring, slime_entry_1, infiniplex_staircase_pool_2,
          grunt_megastairs_1, lemuel_fruit_tree
Lair:5:   hangedman_lair_caniforms_friends, layout_big_grid, wormcave
Swamp:1:  layout_basic_swamp, hangedman_swamp_ruin_hall, swamp_pool4
Swamp:2:  nicolae_swamp_wrong_neighborhood, layout_basic_swamp,
          nicolae_swamp_ascending_descending
Swamp:3:  layout_falls_marsh, nicolae_swamp_stair_fork
Swamp:4:  swamp, layout_basic_swamp, infiniplex_staircase_pool
Spider:1: layout_spider_delve
Spider:2: layout_spider_delve, nicolae_spider_nook, uniq_jorgrun, uniq_arachne
Spider:3: layout_spider_delve
Spider:4: hellmonk_spider_rune_endless_swarm, uniq_aizul
Slime:1:  layout_caves, special_room [special_room_jelly],
          nicolae_slime_getting_an_eyeful
Slime:2:  layout_caves
Slime:3:  layout_caves
Slime:4:  layout_caves
Slime:5
Orc:1:    layout_diamond_mine, bh_open_orc_temple, uniq_sonja
Orc:2:    st_orc_elflike, layout_diamond_mine, uniq_nessos
Elf:1:    minmay_elf_arrival_plus, layout_loops_corners, mu_enter_wizlab_5,
          minmay_elf_necromancy, minivault_14, minivault_27
Elf:2:    nicolae_elf_blades_crystal_corner, layout_loops_corners, serial_shops,
          nicolae_lakefront_shop
Elf:3:    minmay_elf_hall_x, layout_geoelf_octagon, serial_shops, shop,
          hex_tiny, dk_noncrumbling_3, st_stairs_6
Vaults:1: grunt_vaults_funnel, v_alt_pattern_2, ontoclasm_vaults_ligature,
          st_star, vaults_room_semicircle, v_misc_8, nicolae_vaults_alarming,
          vaults_dpeg_emergency_exit, nicolae_vaults_three_branches,
          layout_vaults_big_room, serial_shops, nicolae_shop_behind_doors
Vaults:2: nicolae_vaults_statue_guard, hangedman_vaults_stitches,
          ontoclasm_vaults_spin, v_alt_pattern_4, vaults_room_ringed_pool,
          grunt_vaults_hallway_long, nicolae_vaults_big_ls,
          hangedman_vaults_restitches, ontoclasm_vaults_claustrophobia,
          hangedman_vaults_maws, nicolae_vaults_sealed_display,
          ontoclasm_vaults_twist, vaults_room_semicircle,
          layout_vaults_omnicross
Vaults:3: v_pattern_1, minmay_crypt_entry_simple_walls, vaults_standard_mumra_x,
          nicolae_vaults_border_crossing, ontoclasm_vaults_eye,
          vaults_standard_mumra_enter_the_diamond, vaults_dpeg_diagonal,
          layout_vaults_quadrants, serial_shops, nicolae_shop_statue_plus,
          uniq_asterion
Vaults:4: nicolae_vaults_network_square, nicolae_vaults_halls_meeting,
          grunt_vaults_diagonal, nicolae_vaults_rhombus_5,
          vaults_standard_mumra_enter_the_diamond, v_misc_1,
          hangedman_vaults_snaps, vaults_standard_mumra_lines, v_misc_12,
          v_misc_19, layout_vaults_ring, uniq_boris, uniq_zenata
Vaults:5: uniq_mennas, uniq_sojobo
Crypt:1:  layout_gridlike, st_stairs_10, roderic_lattice_octagonal_star
Crypt:2:  layout_regular_city, chequers_hall_statues_wall_a
Crypt:3:  david_glass_crypt, layout_chaotic_city, tomb_entry_sphere_bobbens,
          serial_co_window_serial, co_window_corner_a, co_window_paths_a,
          co_window_corner_a, co_window_paths_b, co_window_paths_a,
          co_window_paths_a, co_window_paths_a, co_window_broadway_a,
          co_window_unsneaky_path_c, co_window_cross_2,
          co_window_of_opportunity_b, glass_columns_a, glass_columns_b,
          glass_columns_a, glass_columns_c, glass_columns_a
Tomb:1
Depths:1: layout_gridlike, pf_hell_entry_tar_river,
          hangedman_decor_diamond_cutter, nicolae_diode_stairs
Depths:2: minmay_the_grid_triangle_9x9_recursive_2
          [minmay_the_grid_triangle_9x9_prize_insulated,
          minmay_the_grid_triangle_9x9_skeleton,
          minmay_the_grid_triangle_9x9_fully_insulated_deathbox,
          minmay_the_grid_triangle_9x9_stretched_checkered], layout_basic,
          pan_entry, hangedman_ru_absence, abyss_entry_small_statue_room,
          hell_entry, infiniplex_staircase_diamond
Depths:3: nicolae_aperiodic_l_corner, layout_cave_shapes, enter_ziggurat_d,
          abyss_entry, zin_angel, serial_shops, shop, grunt_mini_vestibule,
          lightli_gold_pyramid
Depths:4: grunt_zot_entry_gee_three, layout_cave_pools,
          chequers_serial_rivers_micro_b, minmay_room_of_horrors, hell_entry,
          unseen_surprise_small, uniq_jory, uniq_enchantress
Hell
Zot:1:    layout_onion_interference, st_stairs_1, drop_trap
Zot:2:    layout_basic, grunt_ministairs_2, lemuel_elevator
Zot:3:    nicolae_moth_party, layout_basic
Zot:4:    hellmonk_paralyzer, layout_misc_corridors, gammafunk_ghost_mausoleum,
          evilmike_ambush [evilmike_ambush_outer_pillars,
          evilmike_ambush_inner_pond]
Zot:5:    layout_gridlike

Skill      XL: |  1  2  3  4  5  6  7  8  9 10 11 12 13 14 15 16 17 18 19 20 21 22 23 24 25 26 27 |
---------------+----------------------------------------------------------------------------------+-----
Short Blades   | 3 4 5 6 7 8 10 12 13 14 20 | 20.6
Dodging        | 2 3 4 5 7 8 10 11 12 13 14 15 16 18 19 20 22 27 | 27.0
Fighting       | 3 4 5 6 8 9 10 11 12 13 15 16 17 18 19 20 26 | 26.0
Stealth        | 6 7 8 10 11 12 13 14 15 16 17 19 20 21 22 27 | 27.0
Conjurations   | 1 2 4 6 8 9 11 12 13 | 13.6
Air Magic      | 2 4 5 6 8 9 11 | 11.3
Poison Magic   | 2 4 6 |  6.0
Invocations    | 2 5 7 9 11 13 14 | 14.5
Armour         | 2 4 6 7 8 9 10 11 12 16 | 16.5
Shields        | 1 4 5 7 9 10 11 14 | 14.1
Earth Magic    | 2 8 |  8.9
Transmutations | 3 4 6 8 10 11 | 11.4
Long Blades    | 3 5 |  5.1
Evocations     | 5 6 8 11 | 11.1
Throwing       | 5 7 |  7.0
Spellcasting   | 2 3 6 8 9 |  9.0
Translocations | 4 7 9 |  9.4
Summonings     | 6 |  6.3

Action                     |  1- 3 |  4- 6 |  7- 9 | 10-12 | 13-15 | 16-18 | 19-21 | 22-24 | 25-27 || total
---------------------------+-------+-------+-------+-------+-------+-------+-------+-------+-------++-------
  Melee: Dagger            |    70 |    22 |       |       |    73 |       |       |       |       ||   165
         Rapier            |       |    34 |    71 |   333 |   931 |  1117 |  1157 |  1583 |  6447 || 11673
         Punch             |       |       |       |     8 |    15 |       |       |       |       ||    23
         Peck              |       |       |       |       |       |       |       |       |    17 ||    17
  Throw: Dart              |       |     4 |       |     5 |     4 |    10 |     3 |     2 |     6 ||    34
   Cast: Mephitic Cloud    |       |       |       |       |       |     1 |       |       |     7 ||     8
         Wereblood         |       |       |       |       |       |       |       |    13 |    13 ||    26
         Swiftness         |       |       |       |       |       |       |       |       |     7 ||     7
         Irradiate         |       |       |       |       |       |       |       |       |     4 ||     4
         Vhi's Electric Ch |       |       |       |       |       |       |       |       |    13 ||    13
         Animate Armour    |       |       |       |       |       |       |       |       |     4 ||     4
         Blink             |       |       |       |       |       |       |       |       |     2 ||     2
         Apportation       |       |       |       |       |       |       |       |       |     1 ||     1
 Invoke: Heroism           |       |       |       |     2 |    11 |    17 |    12 |    17 |    41 ||   100
         Duel              |       |       |       |       |       |     1 |     1 |     3 |       ||     5
         Finesse           |       |       |       |       |       |       |       |     1 |     1 ||     2
         Vitalisation      |       |       |       |       |       |       |       |       |    42 ||    42
         Recite            |       |       |       |       |       |       |       |       |    32 ||    32
         Imprison          |       |       |       |       |       |       |       |       |     3 ||     3
         Sanctuary         |       |       |       |       |       |       |       |       |     3 ||     3
         Donate Gold       |       |       |       |       |       |       |       |       |     2 ||     2
  Evoke: Phial of floods   |       |       |       |       |     1 |     1 |       |     1 |     2 ||     5
         Wand              |       |       |       |       |       |     3 |    29 |     6 |    59 ||    97
         Condenser vane    |       |       |       |       |       |       |       |     2 |     5 ||     7
    Use: Scroll            |       |       |    12 |    11 |    10 |     6 |     9 |    11 |    34 ||    93
         Potion            |       |       |       |     1 |     4 |    13 |     8 |    10 |    56 ||    92
   Stab: Sleeping          |    18 |    11 |    33 |    38 |    72 |    65 |    73 |    56 |    71 ||   437
         Distracted        |       |       |     1 |     6 |    18 |    54 |    34 |    76 |   245 ||   434
         Invisible         |       |       |       |     4 |       |       |       |       |    13 ||    17
         Confused          |       |       |       |       |       |     1 |       |       |    15 ||    16
         Paralysed         |       |       |       |       |       |     1 |       |       |     2 ||     3
 Armour: Robe              |     9 |     1 |     2 |     5 |       |     1 |       |       |       ||    18
         Leather armour    |       |       |       |    23 |    43 |       |       |       |       ||    66
         Ice dragon scales |       |       |       |       |    98 |   238 |   282 |   182 |       ||   800
         Troll leather arm |       |       |       |       |     3 |       |       |       |       ||     3
         Pearl dragon scal |       |       |       |       |       |       |       |     7 |  1187 ||  1194
  Dodge: Dodged            |    43 |    35 |    24 |   172 |  1030 |   825 |   839 |   927 |  5321 ||  9216
         Repelled          |       |       |       |     1 |    13 |     6 |    17 |    11 |    94 ||   142
  Block: Buckler           |       |       |       |       |   175 |   365 |   339 |   446 |  3887 ||  5212
         Reflection        |       |       |       |       |       |       |       |     1 |    63 ||    64

Table legend: (Time is in decaauts)
 A = Elapsed time spent in this place.
 B = Non-inter-level travel time spent in this place.
 C = Inter-level travel time spent in this place.
 D = Time resting spent in this place.
 E = Time spent auto-exploring this place.
 F = Levels seen in this place.
 G = Mean time per level.
                   A        B        C        D        E       F      G
               +--------+--------+--------+--------+--------+-----+--------+
         Total | 100586 |  93076 |   7510 |  21039 |  51679 |  73 | 1377.9 |
       Dungeon |  18806 |  15452 |   3354 |    867 |  12189 |  15 | 1253.7 |
        Temple |    331 |    285 |     46 |      0 |    251 |   1 |  331.0 |
          Lair |   7691 |   6656 |   1035 |     86 |   5565 |   5 | 1538.2 |
         Swamp |   5406 |   5303 |    103 |   1719 |   2531 |   4 | 1351.5 |
   Spider Nest |   6328 |   6143 |    185 |   1252 |   3554 |   4 | 1582.0 |
    Slime Pits |   1608 |   1538 |     70 |    409 |    594 |   5 |  321.6 |
  Orcish Mines |   1454 |   1301 |    153 |    125 |    945 |   2 |  727.0 |
   Elven Halls |   5920 |   5706 |    214 |   1135 |   3398 |   3 | 1973.3 |
        Vaults |  12716 |  11661 |   1055 |   2740 |   6609 |   5 | 2543.2 |
         Crypt |   5607 |   5389 |    218 |   1356 |   2877 |   3 | 1869.0 |
          Tomb |    742 |    742 |      0 |    254 |    275 |   1 |  742.0 |
        Depths |  11572 |  10933 |    639 |   5280 |   3680 |   4 | 2893.0 |
          Hell |   1084 |   1061 |     23 |      0 |    613 |   1 | 1084.0 |
           Zot |  10698 |  10289 |    409 |   2843 |   4407 |   5 | 2139.6 |
         Abyss |    963 |    963 |      0 |      0 |    508 |   3 |  321.0 |
   Pandemonium |   7150 |   7150 |      0 |   1897 |   3079 |   5 | 1430.0 |
      Ice Cave |   1090 |   1090 |      0 |    363 |    393 |   1 | 1090.0 |
        Wizlab |   1346 |   1346 |      0 |    711 |    208 |   1 | 1346.0 |
         Arena |     67 |     67 |      0 |      0 |      0 |   5 |   13.4 |
               +--------+--------+--------+--------+--------+-----+--------+

Top non-repeatable levels by time:
Depths:4: 4452 daAuts
Depths:2: 3677 daAuts
   Zot:5: 3389 daAuts
Vaults:5: 3118 daAuts
Vaults:3: 3039 daAuts
    D:15: 2606 daAuts
 Crypt:3: 2492 daAuts
Vaults:1: 2352 daAuts
   Elf:3: 2336 daAuts
Depths:3: 2321 daAuts
  Lair:5: 2275 daAuts
    D:11: 2213 daAuts
Vaults:2: 2211 daAuts
Spider:1: 2132 daAuts
    D:14: 2122 daAuts
